AoeStats
← saschauli

Arena

510703527Analyzed
1v1 RM · 24h ago on Oct 2, 2026· 40m 29s· 2 players
Game mode
Random Map
Map size
Tiny (2 player)
Population
200
Speed
Normal
Resources
Standard
Victory
Conquest
Starting age
Dark Age
Ending age
Imperial Age
RankedLock teamsTeams togetherTeam positionsShared explorationLock speedFull tech treeHidden civsTurbo modeCheats
Victory
Defeat
🇷🇴 Teutons · Romania
910
+17
🇩🇪 Poles · Germany
931
-17
Romanprost
11:56 Feudal Age
12:17 Horse Collar
12:23 Double-Bit Axe
18:20 Castle Age
15:50 Man-at-Arms
17:29 Forging
17:32 Scale Mail Armor
18:37 Bloodlines
35:29 Imperial Age
35:48 Iron Casting
35:28 Chain Mail Armor
39:13 Stone Mining
39:13 Gold Mining
saschauli
10:10 Feudal Age
17:30 Castle Age
15:31 Horse Collar
15:40 Loom
15:43 Double-Bit Axe
15:59 Stone Mining
16:34 Gold Mining
20:38 Fletching
21:30 Bodkin Arrow
25:45 Bow Saw
28:00 Scale Mail Armor
34:52 Imperial Age
37:28 Forging
Connection lost

Rejoining the realm…

Still unreachable

The connection could not be restored.

Session expired

The server has moved on; the page needs a fresh start.